 Dungeon Crawl Stone Soup version 0.28-a0-1493-g08698888e4 (webtiles) character file.

Game seed: 2379274446597129050

9 knot the Chopper (level 2, 24/24 HPs)
             Began as a Demonspawn Berserker on Jan 13, 2022.
             Was a Follower of Trog.
             Quit the game on level 1 of the Dungeon.
             The game lasted 00:00:42 (303 turns).

knot the Chopper (Demonspawn Berserker)              Turns: 303, Time: 00:00:42

Health: 24/24      AC:  5    Str: 17    XL:     2   Next: 3%
Magic:  2/2        EV: 11    Int:  8    God:    Trog [*.....]
Gold:   46         SH:  0    Dex: 12    Spells: 1/1 levels left

rFire   . . .      SeeInvis .   a - +0 hand axe
rCold   . . .      Faith    .   (no shield)
rNeg    . . .      Spirit   .   f - +0 ring mail
rPois   .          Reflect  .   (no helmet)
rElec   .          Harm     .   (no cloak)
rCorr   .          Rampage  .   (no gloves)
Will    .....                   (no boots)
Stlth   +.........              (no amulet)
HPRegen 0.08/turn               (no ring)
MPRegen 0.08/turn               (no ring)

@: no status effects
A: hooves 1
a: Renounce Religion, Berserk


You were on level 1 of the Dungeon.
You worshipped Trog.
Trog was aware of your devotion.
You visited 1 branch of the dungeon, and saw 1 of its levels.

You collected 46 gold pieces.

Inventory:

Hand Weapons
 a - a +0 hand axe (weapon)
Missiles
 e - 12 poisoned darts (quivered)
Armour
 f - a +0 ring mail (worn)
Scrolls
 d - a scroll of fear {unknown}
Potions
 c - a potion of curing {unknown}


   Skills:
 - Level 3.0 Fighting
 + Level 3.2 Axes
 - Level 1.7 Armour
 - Level 1.7 Dodging


You had one spell level left.
You didn't know any spells.
Your spell library was empty.

Dungeon Overview and Level Annotations

Branches:
Dungeon (1/15)

Altars:

Shops:
D:1 (


Innate Abilities, Weirdness & Mutations

You have large cloven feet.


Message History

No target in view!
HP restored.
You see here a giant cockroach corpse.
Found a stone staircase leading down.
No target in view!
Found a hunting sling.
There is a stone staircase leading down here.
You see here a +0 hunting sling.
You now have 35 gold pieces (gained 9).
There is a stone staircase leading down here.
Found a whip.
No target in view!
No target in view!
No target in view!
No target in view!
You see here a +0 whip.
Found a leather armour.
No target in view!
You now have 46 gold pieces (gained 11).
Found 22 arrows.
No target in view!
No target in view!
No target in view!
No target in view!
You see here 22 arrows.
Found a stone staircase leading down.
No target in view!
An endoplasm comes into view.
The endoplasm quivers.
The endoplasm misses you.
You completely miss the endoplasm.
The endoplasm jiggles.
The endoplasm closely misses you.
You hit the endoplasm.
You kill the endoplasm!
Trog accepts your kill.
You have reached level 2!
Your demonic ancestry asserts itself...
Your feet thicken and deform.
Are you sure you want to abandon this character and quit the game? (Confirm with "yes".)

....# ....####
....>..#
....##.#######. ##
....##......... .#
....##.#######. #.#
##.###.# #. #.#
##.###.# ###.##.#
....##)#####....@.#
..#..........#.#..####
....##...............#
........###.......##.#
##.###..###[.###..##.#
#.###......#
##.##.#########
#.........##
##...#........
#.#######.#
#............ #.##
#.###.#######


There were no monsters in sight!

Vanquished Creatures
  2 endoplasms (D:1)
  2 giant cockroaches (D:1)
  A kobold (D:1)
  A quokka (D:1)
  A frilled lizard (D:1)
7 creatures vanquished.

Notes
Turn   | Place    | Note
-------+----------+-------------------------------------------
     0 | D:1      | knot the Demonspawn Berserker began the quest for the Orb.
     0 | D:1      | Reached XP level 1. HP: 18/18 MP: 1/1
    53 | D:1      | Found Anlaam's Weapon Shop.
   303 | D:1      | Gained mutation: You have large cloven feet. [demonic
                  | ancestry]
   303 | D:1      | Reached XP level 2. HP: 24/24 MP: 2/2
   303 | D:1      | Quit the game

Illustrated notes

Levels and vault maps discovered:
D:1:      dpeg_arrival_chambers_temple_mockup, layout_loops_ring, serial_shops,
          shop

Skill      XL: |  1 |
---------------+----+-----
Axes           | 3 |  3.2
Fighting       | |  3.0
Armour         | |  1.7
Dodging        | |  1.7

Action                   || total
-------------------------++-------
Melee: Hand axe          ||    21
Armor: Ring mail         ||     5
Dodge: Dodged            ||    17

Table legend: (Time is in decaauts)
 A = Elapsed time spent in this place.
 B = Non-inter-level travel time spent in this place.
 C = Inter-level travel time spent in this place.
 D = Time resting spent in this place.
 E = Time spent auto-exploring this place.
 F = Levels seen in this place.
 G = Mean time per level.
                   A        B        C        D        E       F      G
               +--------+--------+--------+--------+--------+-----+--------+
         Total |    306 |    277 |     29 |      0 |    217 |   1 |  306.0 |
       Dungeon |    306 |    277 |     29 |      0 |    217 |   1 |  306.0 |
               +--------+--------+--------+--------+--------+-----+--------+

Top non-repeatable levels by time:
     D:1: 306 daAuts
